[Event "Caplin Hastings Masters 2023-24"]
[Site "Hastings"]
[Date "2024.01.02"]
[Round "6.5"]
[White "Lux, Hugo de Melo"]
[Black "Sulskis, Sarunas"]
[Result "0-1"]
[ECO "B04"]
[WhiteElo "2311"]
[BlackElo "2490"]
[Annotator "TA"]
[PlyCount "88"]
[EventDate "2023.12.18"]
[EventType "swiss"]
[EventCountry "ENG"]
[SourceTitle "playchess.com"]
[Source "ChessBase"]
[SourceQuality "1"]
[TimeControl "40/6000+30:3000+30"]

1. e4 Nf6 2. e5 Nd5 3. d4 d6 4. Nf3 g6 5. Bc4 c6 6. Nc3 Bg7 7. O-O Nxc3 {[%emt 0:02:47] B04: Alekhine's Defence: 4 Nf3.} 8. bxc3 d5 9. Bd3 c5 {[%emt 0:01:02] White has an edge.} 10. Bb5+ Nc6 {[%emt 0:03:34] [#]} 11. Ba3 $146 ({Predecessor:} 11. Bf4 Qa5 12. Bxc6+ bxc6 13. Qd2 Bg4 14. Ne1 cxd4 15. f3 dxc3 16. Qd4 Bf5 17. g4 Bc8 18. Be3 Ba6 19. Rf2 {0-1 Struklec,M (1788)-Radic,G (2048) Hum na Sutli op 15th 2023 (3)}) 11... cxd4 12. Nxd4 Bd7 (12... Qc7 {seems wilder.} 13. Nxc6 bxc6 14. Qxd5 Bb7) 13. Bxc6 bxc6 {[%emt 0:05:34] Black is weak on the dark squares} 14. Qe2 (14. Re1 $14 {deserves consideration.}) 14... O-O (14... Qa5 $5 15. Bb4 Qc7 $11) 15. Rab1 c5 {[%emt 0:13:41] Strongly threatening ...Qa5.} 16. Bxc5 Rc8 17. Nb3 a6 18. Qe3 Bb5 19. Rfe1 Qd7 20. Bd4 e6 21. Nc5 Qc6 22. Rb4 Rfd8 (22... Bc4 $16) 23. a4 $18 Bc4 24. Nb7 Bf8 25. Nxd8 (25. Nd6 $1 $18) 25... Rxd8 $16 26. Qg5 Re8 {[%emt 0:00:40] [#]} 27. h4 Bxb4 $14 28. cxb4 Qxa4 29. Qd2 Rb8 30. Bc5 {[%emt 0:00:20][%cal Oh4h5] Black must now prevent h5!} Qe8 {[%emt 0:06:27] [#]} (30... h5 $1 $14) 31. h5 $1 $18 Qd8 {[%emt 0:00:59] [#]} 32. Qf4 {[%emt 0:02:23] Inhibits Qh4.} (32. Ra1 $1 $18) 32... g5 $16 33. Qg3 (33. Qd2 $16) 33... h6 $14 34. Re3 (34. f4 $14) 34... a5 $11 35. Bd6 Rxb4 (35... Rb7 $11) 36. Bxb4 $18 axb4 $11 {[%emt 0:00:05][%mdl 4096] Endgame KQR-KQB} 37. Re1 d4 (37... Qb6 {was called for.} 38. Rb1 Be2) 38. f4 (38. Qg4 $18 {is more deadly.}) 38... d3 $16 39. cxd3 Qxd3 40. Kh2 ({White should play} 40. Qxd3 $16 {White wants to mate with Qd8+.} Bxd3 41. Rd1) 40... b3 $11 41. Re3 {[%emt 0:35:35][%mdl 8192] [#]} (41. fxg5 $2 Qxg3+ 42. Kxg3 Bd3 43. gxh6 b2 $19) (41. Qg4 $11 {and White is okay.} Qd4 42. Rd1) 41... Qf5 $1 $19 ({Weaker is} 41... Qd1 42. Qf2 gxf4 43. Qxf4 $11) 42. fxg5 Qxg5 43. Qf2 (43. Rxb3 Bxb3 44. Qxb3 Qxh5+ 45. Kg1) 43... b2 $1 ({And not} 43... Qxh5+ 44. Kg1 $11) 44. Re1 Bd3 {[%emt 0:00:51] Weighted Error Value: White=0.46/Black=0.26 (precise)} ({Less strong is} 44... Qxh5+ 45. Kg1 $11) 0-1

[Event "Caplin Hastings Masters 2023-24"]
[Site "Hastings"]
[Date "2024.01.02"]
[Round "6.6"]
[White "Nielsen, Andre"]
[Black "Edouard, Romain"]
[Result "0-1"]
[ECO "B36"]
[WhiteElo "2239"]
[BlackElo "2527"]
[Annotator "TA"]
[PlyCount "72"]
[EventDate "2023.12.18"]
[EventType "swiss"]
[EventCountry "ENG"]
[SourceTitle "playchess.com"]
[Source "ChessBase"]
[SourceQuality "1"]
[TimeControl "40/6000+30:3000+30"]

1. e4 c5 2. Nf3 Nc6 3. d4 cxd4 4. Nxd4 g6 5. c4 Nf6 6. Nc3 Nxd4 {[%emt 0:00:23] B36: Sicilian: Maroczy Bind: Gurgenidze System.} 7. e5 (7. Qxd4 $14 d6 8. c5) 7... Ne6 {[%emt 0:06:02] ...Ng8 would be deadly.} 8. exf6 exf6 {[%emt 0:00:02] The position is equal.} 9. Be3 (9. g3 $142) 9... Bg7 {[%emt 0:00:11] [#]} 10. Qd6 $146 ({Predecessor:} 10. Qd2 O-O 11. g4 a6 12. Nd5 b5 13. Bg2 Bb7 14. Qb4 Re8 15. O-O Bc6 16. c5 Bxd5 17. Bxd5 {1-0 Remolar Gallen,J (2361)-Carbonell Sancho,M (2159) Valencian Community 2020 (7)}) 10... Qe7 (10... b6 $11) 11. Qd2 (11. Qxe7+ $14 Kxe7 12. Nd5+ Kd8 13. c5) 11... O-O 12. g4 b6 (12... Nc7 $15) 13. Bg2 $11 {[%emt 0:00:50][%mdl 1024] White has compensation.} Rb8 14. O-O-O (14. Nd5 $5 Qd8 15. O-O $11) 14... Ba6 15. Nd5 {[%emt 0:05:46] Inhibits Qb4.} Qd8 (15... Qe8 $5 ) 16. b3 ({Better is} 16. Kb1) 16... b5 17. cxb5 (17. c5 $15) 17... Rxb5 $17 {[%emt 0:08:34] Threatens to win with ...f5.} 18. Kb1 $2 (18. Bh6 $17) 18... f5 $1 $19 19. Bh6 {[%emt 0:05:59] [#]} Bh8 $1 {[%emt 0:10:02][%cal Ob5d5] Strongly threatening ...Rxd5!} 20. Nc3 {[%emt 0:11:56] [#]} (20. g5 {was called for.} Re8 21. Bf1 (21. Nf6+ Bxf6 22. gxf6 Bb7 $17)) (20. Rhe1 Rxd5) 20... Qf6 $1 21. Bxf8 (21. Nxb5 Qa1+ 22. Kc2 Qb2+ 23. Kd3 Bxb5+ 24. Ke3 Qe5+ 25. Kf3 Qe4+ 26. Kg3 Qxg4#) 21... Kxf8 (21... Qxc3 $2 22. Qxc3 Bxc3 23. Bh6 $18) 22. Rc1 {[%emt 0:03:22] [#]} (22. Nxb5 {leads to mate.} Qa1+ 23. Kc2 Qb2+ 24. Kd3 Bxb5+ 25. Ke3 Qe5+ 26. Kf3 Qe4+ 27. Kg3 Qxg4#) (22. Qd6+ Kg8 23. Rc1 Rc5 $19) 22... Rc5 $1 23. gxf5 Nf4 (23... Qxf5+ $19 {has better winning chances.} 24. Be4 Qe5) 24. Qxf4 $17 {[%emt 0:00:56] And now Qb8+ would win.} Bd3+ {[%emt 0:00:08] This pair of bishops is nice.} 25. Kb2 Rxc3 {[%emt 0:00:07] Black is more active.} 26. Qb4+ $2 (26. Ka3 $17 Rxc1 27. Rxc1 Qb2+ {[%mdl 64] Deflection} 28. Ka4 (28. Kb4 $2 Be5 $19) 28... Qxa2+ 29. Kb4 a5+ {[%mdl 64] Deflection} 30. Kc5 Qxb3 31. f6) 26... Rc5+ $19 {[%emt 0:00:46][%mdl 64] Discovered Attack} 27. Ka3 Qa6+ {[%emt 0:04:38][%mdl 64] Skewer} 28. Qa4 Ra5 29. Rc8+ Ke7 30. Re1+ Kd6 31. Rxh8 Rxa4+ 32. bxa4 Qc4 (32... Qb6 $142 33. Re4 Bxe4 34. a5 Qc5+ 35. Kb3 Qc2+ 36. Kb4 Qd2+ {[%mdl 64] Deflection} 37. Ka3 Qc3+ 38. Ka4 Bc2+ 39. Kb5 Qd3+ 40. Kb4 Qd4+ 41. Kb5 Bd3#) 33. Rb8 Qc5+ 34. Kb2 Qxf2+ {[%emt 0:02:43] Black mates.} 35. Kc3 Qc2+ 36. Kd4 Bxf5 {[%emt 0:00:07] Ingenious play by Edouard!   Weighted Error Value: White=1.01/Black=0.31} ({Not} 36... Qxa4+ 37. Kxd3 Qxa2 38. Re2 Qa3+ 39. Ke4 $14) (36... Qd2 $142 37. Rd1 Qxd1 38. Rb2 Bxf5+ 39. Ke3 Qd3+ 40. Kf4 Qd4+ 41. Kg3 Qe5+ {[%mdl 64] Skewer} 42. Kf2 Qxb2+ 43. Kg3 Qc3+ 44. Kf2 Qd2+ 45. Kg3 Qe3+ 46. Bf3 Be4 47. Kh4 Bxf3 48. Kg3 Be2+ 49. Kg2 Qf3+ 50. Kg1 Qf1#) 0-1

[Event "Caplin Hastings Masters 2023-24"]
[Site "Hastings"]
[Date "2024.01.02"]
[Round "6.7"]
[White "Laurent-Paoli, Pierre"]
[Black "Vestby-Ellingsen, Mads"]
[Result "1/2-1/2"]
[ECO "B52"]
[WhiteElo "2524"]
[BlackElo "2329"]
[Annotator "TA"]
[PlyCount "91"]
[EventDate "2023.12.18"]
[EventType "swiss"]
[EventCountry "ENG"]
[SourceTitle "playchess.com"]
[Source "ChessBase"]
[SourceQuality "1"]
[TimeControl "40/6000+30:3000+30"]

1. e4 c5 2. Nf3 d6 3. Bb5+ Bd7 4. c4 Nf6 5. Nc3 g6 6. O-O Bg7 7. Bxd7+ Nbxd7 8. d3 O-O 9. h3 Ne5 10. Nxe5 dxe5 11. Be3 Qd6 12. Qf3 e6 13. Rfd1 Nd7 14. a3 b6 15. b4 Qe7 16. Qe2 cxb4 17. axb4 Qxb4 18. Nb5 a5 19. Rdb1 (19. f4 $11) 19... Qe7 $15 20. Nc3 Rfb8 21. Na4 Qd8 22. Rb5 Bf8 23. Rab1 Bb4 24. f4 {[%emt 0:11:03] [#]} (24. Ra1 $17) 24... exf4 (24... Nc5 $1 $19 25. Nxc5 (25. Bxc5 Bxc5+ 26. Nxc5 bxc5 $17) 25... bxc5 26. fxe5 Rxb5 27. cxb5 Rb8) 25. Bxf4 $17 {[%emt 0:00:01] [#]} e5 $1 26. Be3 {[%emt 0:00:15] [#]} Nc5 $1 27. Bxc5 bxc5 28. Rxb8 (28. Kh1 $17 {was necessary.}) 28... Rxb8 $19 29. Kh1 Qd6 30. Rf1 Rd8 31. Rf3 Qc6 32. Qc2 {[%emt 0:00:25] White is weak on the dark squares} f6 33. Nb2 Kg7 34. Nd1 a4 35. Ne3 a3 36. Nd5 Ra8 {[%emt 0:00:20] Strongly threatening ...a2.} 37. Qa2 Ra6 (37... Qa4 $17 {Threatens to win with ...Qd1+.} 38. Rf1 Rf8) 38. Rxf6 $11 {[%emt 0:01:58] The position is equal.} Qxf6 39. Nxf6 Kxf6 {[%emt 0:00:45][%mdl 4096] Endgame KQ-KRB} 40. Kg1 Rd6 41. Qf2+ Kg7 42. Qc2 Ra6 43. Qa2 Rd6 44. Qc2 Ra6 {[%emt 0:00:15] ( -> ...a2)} 45. Qa2 Rd6 46. Qc2 {[%emt 0:00:16] Black had all chances to win.   Weighted Error Value: White=0.09 (flawless) /Black=0.09 (flawless)} 1/2-1/2

[Event "Caplin Hastings Masters 2023-24"]
[Site "Hastings"]
[Date "2024.01.02"]
[Round "6.8"]
[White "Fischer, Daniel"]
[Black "Mikhalevski, Victor"]
[Result "1/2-1/2"]
[ECO "C70"]
[WhiteElo "2341"]
[BlackElo "2524"]
[Annotator "TA"]
[PlyCount "59"]
[EventDate "2023.12.18"]
[EventType "swiss"]
[EventCountry "ENG"]
[SourceTitle "playchess.com"]
[Source "ChessBase"]
[SourceQuality "1"]
[TimeControl "40/6000+30:3000+30"]

1. e4 e5 2. Nf3 Nc6 3. Bb5 a6 4. Ba4 b5 5. Bb3 Na5 6. O-O d6 7. d4 exd4 8. Nxd4 Bb7 9. Bd2 $1 {[%emt 0:01:07] The main line 9.Bd2 scores better than 9.c4.} (9. Re1 {with more complications.} c5 10. e5 dxe5 11. Qh5) 9... Nxb3 {[%emt 0:00:07] C70: Ruy Lopez: 3...a6 4 Ba4, Norwegian and Delayed Schliemann.} 10. Nxb3 Nf6 11. Na5 Qc8 ({Much less strong is} 11... Bxe4 12. Re1 d5 13. f3 $16) 12. Nc3 Be7 $1 13. Qf3 O-O 14. Nd5 Nxd5 15. exd5 Bf6 16. c3 Rb8 17. Be3 {[%emt 0:17:33] [#]} b4 $146 ({Predecessor:} 17... Re8 18. Rad1 Re5 19. Rd3 Rf5 20. Qd1 b4 21. c4 Bxb2 22. Rb3 Bc3 23. a3 c5 {1-0 Riccio,E (2488)-Wosch,A (2246) FICGS W-ch email 2016 (7)}) 18. cxb4 Ba8 19. a3 Bxb2 20. Ra2 (20. Rab1 $5 Be5 21. Rfc1 $11) 20... Bf6 21. Rc2 Rb5 22. Nc6 Bxc6 $1 23. Rxc6 a5 $1 24. Bd2 axb4 25. Bxb4 Qb7 26. Rfc1 {[%emt 0:03:20] White is more active.} Bb2 27. R1c2 (27. R1c4 $16) 27... Bxa3 $1 $11 28. Rxc7 Qxc7 29. Rxc7 $14 Bxb4 30. g3 {[%emt 0:05:29] Weighted Error Value: White=0.06 (flawless) /Black=0.07 (flawless)} 1/2-1/2

[Event "Caplin Hastings Masters 2023-24"]
[Site "Hastings"]
[Date "2024.01.02"]
[Round "6.9"]
[White "Ghasi, Ameet K"]
[Black "Gallagher, Joseph G."]
[Result "1/2-1/2"]
[ECO "A37"]
[WhiteElo "2509"]
[BlackElo "2427"]
[Annotator "TA"]
[PlyCount "93"]
[EventDate "2023.12.18"]
[EventType "swiss"]
[EventCountry "ENG"]
[SourceTitle "playchess.com"]
[Source "ChessBase"]
[SourceQuality "1"]
[TimeControl "40/6000+30:3000+30"]

1. Nf3 c5 2. g3 Nc6 3. Bg2 g6 4. c4 Bg7 5. Nc3 d6 6. O-O e5 7. a3 a5 8. d3 Nge7 9. Rb1 O-O 10. Bd2 Rb8 11. Qa4 h6 12. Nb5 Be6 13. b4 axb4 14. axb4 Qd7 15. bxc5 dxc5 16. Nc3 b6 17. Rb2 Ra8 18. Qc2 Nb4 19. Qc1 Kh7 20. Ne1 Bh3 21. Qb1 (21. Bxa8 $16 Bxf1 22. Bh1) 21... Bxg2 $11 (21... Nec6 {is more complex.} 22. Bxh3 Qxh3 23. Nd5 e4) 22. Nxg2 f5 23. Rxb4 (23. Na2 $11 {remains equal.}) 23... cxb4 $17 24. Nb5 Nc6 {[%emt 0:08:16] ...Ra4 would be deadly.} 25. Ne3 $2 (25. Bxb4 $17 {was the only chance.} Nxb4 26. Qxb4) 25... f4 $19 26. Nd5 (26. Ng2) 26... Qh3 {[%emt 0:00:37] [#] aiming for ...Rf5.} 27. d4 fxg3 28. hxg3 exd4 29. Nf4 Qf5 30. Bxb4 Qxb1 (30... Nxb4 $142 31. Qxb4 Be5 32. Qe7+ Rf7) 31. Rxb1 Rfe8 ({Better is} 31... Nxb4 $19 32. Rxb4 Ra2) 32. Nc7 $1 $11 {[%emt 0:00:47][%csl LRa8,LRe8] The position is equal.} Ne5 33. c5 (33. Rc1 {keeps more tension.} g5 34. Nd3 Rac8 35. Nxe8 Rxe8 36. Kf1) 33... bxc5 34. Nxe8 Rxe8 35. Bxc5 g5 36. Nh5 {[%emt 0:01:12][%cal Ob1b7] [#] Rb7! is the strong threat.} d3 37. Nxg7 ({Don't blunder} 37. Rb7 $2 d2 38. Rb1 (38. Rxg7+ $2 {loses.} Kh8 $19) 38... Nd3 $19) 37... Kxg7 {[%emt 0:00:26][%mdl 4096] Endgame KRB-KRN} 38. Bd4 {[%emt 0:00:22] And now f4 would win.} Kf7 39. Bxe5 Rxe5 40. exd3 {[%emt 0:00:04] KR-KR} Rd5 41. Rd1 Kf6 42. Kf1 Kf5 43. Ke2 Re5+ 44. Kd2 Kg4 45. d4 Re8 46. Rh1 Kf3 47. Rxh6 {[%emt 0:10:54] Black had all chances to win.   Weighted Error Value: White=0.33/Black=0.35} 1/2-1/2

[Event "Caplin Hastings Masters 2023-24"]
[Site "Hastings"]
[Date "2024.01.02"]
[Round "6.10"]
[White "Bozinakis, Pavlos"]
[Black "Petrov, Martin"]
[Result "0-1"]
[ECO "B90"]
[WhiteElo "2274"]
[BlackElo "2501"]
[Annotator "TA"]
[PlyCount "66"]
[EventDate "2023.12.18"]
[EventType "swiss"]
[EventCountry "ENG"]
[SourceTitle "playchess.com"]
[Source "ChessBase"]
[SourceQuality "1"]
[TimeControl "40/6000+30:3000+30"]

1. e4 c5 2. Nf3 d6 3. d4 cxd4 4. Nxd4 Nf6 5. Nc3 a6 6. f3 e5 7. Nb3 Be7 8. Be3 Be6 9. Qd2 h5 10. Be2 Nbd7 11. Nd5 {[%emt 0:00:43] Prevents Qc7} Bxd5 12. exd5 Qc7 {[%emt 0:00:05] White has an edge.} 13. c4 a5 14. Rc1 a4 15. Na1 e4 16. O-O exf3 17. gxf3 O-O 18. Nc2 Rae8 (18... Rfe8 $14) 19. Nd4 Bd8 20. Nb5 Qb8 (20... Qa5 $14 21. Qxa5 (21. Nxd6 $2 Qxd2 22. Bxd2 Rxe2 $19) 21... Bxa5) 21. Bf4 (21. Bd4 $1 $18) 21... Ne5 22. Bd1 h4 23. Bxa4 Bb6+ 24. Kh1 $1 Nh5 25. Bg5 Qc8 {[%emt 0:00:35] [#] Threatens to win with ...Qh3.} 26. Qg2 {[%emt 0:14:56] Repels Qh3} (26. Nxd6 Qh3 27. Ne4 (27. Nxe8 $2 Ng3#) (27. Bxh4 Ra8 $17) 27... Ra8 $17) 26... h3 {[%emt 0:08:52] [#]} 27. Qc2 (27. Qd2 $1 $16 Nxc4 28. Qd3) 27... Nxf3 $1 $11 {[%emt 0:02:21][%mdl 64] ...Qg4 would be deadly. Remove Defender, Decoy} 28. Nxd6 $2 (28. Rxf3 $2 Qg4 $19) (28. Qd1 $1 $15 Qg4 29. Qxf3 Qxg5 30. Rc3 (30. Qxh3 $2 Re4 $19) (30. Nxd6 $2 Re3 $19)) 28... Qg4 $19 29. Bxe8 (29. Bd7 $142 Qxd7 30. Nxe8 (30. Rxf3 $2 Qg4 $19) 30... Nxg5 31. Nxg7 Nxg7 32. Qd2) 29... Nxg5 $2 $40 {[%emt 0:01:24][%mdl 128] Black is up to no good. A dynamic duo of knights.} ({Black should try} 29... Rxe8 $19 30. Rf2 Bxf2 31. Qxf2 Qxg5) 30. Bxf7+ $1 $11 Rxf7 $4 (30... Nxf7 $11 31. Qe4 (31. Nxb7 $2 {perishes.} Re8 $19) 31... Qg5 32. Nxf7 (32. Nxb7 Be3 $11) 32... Rxf7 33. Qe8+ Kh7 34. Qe4+ (34. Qxf7 $2 Qg2#) 34... Kg8 35. Qe8+ Kh7 36. Qe4+ (36. Qxf7 $2 Qg2#) 36... Kg8) 31. Nxf7 $18 Nf3 {[%emt 0:10:35] ( -> ...Nf4)} 32. c5 Bxc5 33. Rce1 $4 (33. Qe2 $18 Nf4 34. Nh6+ (34. Qxf3 $2 {gets mated.} Qg2+ 35. Qxg2 hxg2#) 34... gxh6 35. Rg1 {[%mdl 64] Pin} (35. Qxf3 $2 {leads to mate.} Qg2+ 36. Qxg2+ hxg2#) (35. Qe8+ Kg7) 35... Qg2+ {[%mdl 64] Decoy} 36. Rxg2+ hxg2+ 37. Qxg2+ Nxg2 38. Kxg2 Nh4+ 39. Kh3) 33... Nxe1 {[%emt 0:01:12] An exciting game.   Weighted Error Value: White=0.71/Black=0.68} 0-1

[Event "Caplin Hastings Masters 2023-24"]
[Site "Hastings"]
[Date "2024.01.02"]
[Round "6.11"]
[White "Sengupta, Deep"]
[Black "Beaumont, Chris R"]
[Result "1-0"]
[ECO "B07"]
[WhiteElo "2501"]
[BlackElo "2236"]
[Annotator "TA"]
[PlyCount "137"]
[EventDate "2023.12.18"]
[EventType "swiss"]
[EventCountry "ENG"]
[SourceTitle "playchess.com"]
[Source "ChessBase"]
[SourceQuality "1"]
[TimeControl "40/6000+30:3000+30"]

1. e4 d6 2. d4 Nf6 3. Nc3 g6 4. Be3 c6 5. h3 Bg7 6. f4 Qa5 7. Bd3 Nbd7 8. Nf3 c5 {[%emt 0:00:19][%cal Ob7b5] White is slightly better.} 9. O-O cxd4 10. Bxd4 O-O $1 11. Qd2 e5 12. Be3 exf4 {[%emt 0:11:38][%mdl 64] Remove Defender} 13. Bxf4 Nh5 14. Nd5 (14. Bxd6 $2 {is the wrong capture.} Qb6+ 15. Rf2 Qxd6 $19) 14... Qxd2 15. Bxd2 {[%emt 0:00:03] With the idea Nc7.} Ng3 16. Rfe1 {[%emt 0:19:11] aiming for Bf4.} Ne5 17. Kf2 Nh5 18. Bb4 Rd8 19. g4 Nxf3 20. Kxf3 Nf6 21. Nc7 Rb8 22. Nb5 Ne8 23. Nxa7 Bxb2 24. Rab1 Be5 25. Ba5 $1 Rd7 26. a4 (26. Nc6 $5 Ra8 27. Nxe5 dxe5 28. Rb5 $14) 26... Ra8 27. Bb6 Re7 28. Bf2 (28. Nxc8 $142 Rxc8 29. Be3) 28... Be6 $11 29. Rb5 Rc7 30. Reb1 {[%emt 0:01:10] [#]} b6 $1 31. Bxb6 Rcxa7 32. Bxa7 Rxa7 33. Rb8 Rxa4 34. Rxe8+ $16 Kg7 35. g5 {[%emt 0:01:30] Rb7 is the strong threat.} Bxh3 $2 (35... Bd7 $1 $14 36. Rd8 Bxh3) 36. Rbb8 $2 (36. Rb7 $1 $18) 36... h6 $2 (36... h5 $14) 37. gxh6+ $2 (37. Rh8 $1 $18 hxg5 38. Rbg8+ (38. Rxh3 d5 $18) 38... Kf6 39. Rxh3) 37... Kh7 $14 38. Rb7 {[%emt 0:00:25] Prevents Ra7.} Kxh6 39. Rxf7 Kg5 40. Ke3 Bg4 41. Rf1 Bh5 42. c4 (42. Ref8 $16) 42... Ra5 43. Rff8 Bh2 (43... Ra3 $11) 44. Ra8 $16 Bf4+ {[%emt 0:00:29][%mdl 64] Deflection} 45. Kf2 $1 Rc5 46. Rab8 (46. Rfc8 $16) 46... Rc7 $14 47. Rb5+ Be5 48. Ke3 Bg4 49. Rf2 Be6 50. Rc2 Rc5 51. Rg2+ Kf6 52. Rf2+ Kg7 $1 53. Rb7+ Kh6 54. Re7 Bg4 55. Rg2 Bc8 {[%emt 0:02:06] This pair of bishops is nice.} 56. Rg1 g5 57. Be2 {[%emt 0:00:00] Rh1+ would be deadly.} Kg6 58. Re8 {[%emt 0:00:00] Inhibits Ra5.} Kf7 {[%emt 0:01:01] Wards off Rg8} ({Black should play} 58... Bf4+ $14 59. Kd3 Ba6) 59. Bh5+ $16 Kf6 60. Rf8+ $1 Ke7 61. Rf7+ $1 Ke6 62. Ra7 ({But not} 62. Rxg5 Bd4+ 63. Kxd4 Rxg5 $16) 62... Bf4+ 63. Kd4 Kf6 {[%emt 0:00:32] [#]} 64. Rf7+ $1 Ke6 {[%emt 0:00:02] [#]} 65. Rh7 $1 Be5+ $2 (65... Kf6 $16) 66. Kd3 $18 {[%emt 0:00:04] Strongly threatening Bg4+. White is clearly winning.} Bf4 67. Ra1 {[%emt 0:01:39] Black must now prevent Raa7.} Bg3 68. Raa7 {[%emt 0:01:11] Intending Rae7+ and mate.} Ke5 69. Rae7+ {[%emt 0:00:12] Weighted Error Value: White=0.23 (precise) /Black=0.26 (precise)} 1-0

[Event "Caplin Hastings Masters 2023-24"]
[Site "Hastings"]
[Date "2024.01.02"]
[Round "6.12"]
[White "Boyer, Mahel"]
[Black "Juknis, Paulius"]
[Result "1-0"]
[ECO "B30"]
[WhiteElo "2427"]
[BlackElo "2148"]
[Annotator "RC"]
[PlyCount "83"]
[EventDate "2023.12.18"]
[EventType "swiss"]
[EventCountry "ENG"]
[SourceTitle "playchess.com"]
[Source "ChessBase"]
[SourceQuality "1"]
[TimeControl "40/6000+30:3000+30"]

1. e4 c5 2. Nf3 Nc6 3. Bb5 Nf6 4. Bxc6 dxc6 5. d3 g6 6. Be3 b6 7. Qc1 h6 8. a4 a5 9. Bd2 Bg7 10. Bc3 O-O 11. Qe3 Ne8 12. Bxg7 Kxg7 13. Nc3 f6 14. d4 cxd4 15. Nxd4 e5 16. Nde2 Nd6 17. Rd1 Qc7 18. h4 Be6 19. b3 Nf7 20. f4 Rae8 21. Qg3 Kh7 22. O-O Bc8 23. f5 g5 24. hxg5 Nxg5 25. Qe3 Ba6 26. Kf2 Rd8 27. Rh1 Rxd1 28. Nxd1 Rd8 29. c4 b5 30. cxb5 cxb5 31. Ndc3 Bb7 32. axb5 Qd7 33. Rd1 Nxe4+ 34. Qxe4 Qxd1 35. Qxb7+ Qd7 36. Qxd7+ Rxd7 37. Ne4 Kg7 38. Ke3 Kf7 39. b6 Rd8 40. N2c3 Ke7 41. Nc5 Rb8 42. b7 1-0

[Event "Caplin Hastings Masters 2023-24"]
[Site "Hastings"]
[Date "2024.01.02"]
[Round "6.13"]
[White "Gimenez Menchon, Cesar"]
[Black "Wadsworth, Matthew J"]
[Result "0-1"]
[ECO "C01"]
[WhiteElo "2088"]
[BlackElo "2448"]
[Annotator "RC"]
[PlyCount "90"]
[EventDate "2023.12.18"]
[EventType "swiss"]
[EventCountry "ENG"]
[SourceTitle "playchess.com"]
[Source "ChessBase"]
[SourceQuality "1"]
[TimeControl "40/6000+30:3000+30"]

1. e4 e6 2. d4 d5 3. exd5 exd5 4. Nf3 Nc6 5. Nc3 Bb4 6. Bd3 Nge7 7. a3 Bxc3+ 8. bxc3 Bf5 9. O-O O-O 10. Rb1 b6 11. Re1 Re8 12. Bf4 Qd7 13. Qd2 f6 14. h3 Na5 15. Nh4 Bxd3 16. cxd3 Ng6 17. Nxg6 hxg6 18. Bg3 Rxe1+ 19. Rxe1 Re8 20. Rxe8+ Qxe8 21. Bxc7 Qe7 22. Bg3 Qxa3 23. Kh2 Qa1 24. h4 Qa4 25. Qe2 Qd7 26. Qa2 Nc6 27. Qa4 Ne5 28. Qa2 Ng4+ 29. Kh1 Kh7 30. c4 dxc4 31. Qxc4 Qe8 32. f3 Ne3 33. Qc7 Qa4 34. Bf2 Qd1+ 35. Kh2 Nf1+ 36. Kg1 Nd2+ 37. Kh2 Qe2 38. Bg1 Nxf3+ 39. Kh1 Nxg1 40. d5 Qe1 41. Kh2 Ne2 42. g3 Qg1+ 43. Kh3 Qh1+ 44. Kg4 f5+ 45. Kg5 Qf3 0-1

[Event "Caplin Hastings Masters 2023-24"]
[Site "Hastings"]
[Date "2024.01.02"]
[Round "6.14"]
[White "Willow, Jonah B"]
[Black "Sarkar, Justin"]
[Result "1-0"]
[ECO "B75"]
[WhiteElo "2427"]
[BlackElo "2272"]
[Annotator "RC"]
[PlyCount "61"]
[EventDate "2023.12.18"]
[EventType "swiss"]
[EventCountry "ENG"]
[SourceTitle "playchess.com"]
[Source "ChessBase"]
[SourceQuality "1"]
[TimeControl "40/6000+30:3000+30"]

1. e4 c5 2. Nc3 Nc6 3. Nf3 g6 4. d4 cxd4 5. Nxd4 Bg7 6. Be3 Nf6 7. Bc4 d6 8. f3 Qb6 9. Nf5 Qxb2 10. Nxg7+ Kf8 11. Nd5 Nxd5 12. Bxd5 Kxg7 13. Rb1 Qc3+ 14. Kf2 h5 15. Rb3 Qa5 16. Qa1+ e5 17. Rhb1 Qc7 18. Qc3 Qa5 19. Qc4 Nd4 20. Rxb7 Bxb7 21. Rxb7 Rhf8 22. Bxf7 Rab8 23. Re7 Qd8 24. Bg5 Qxe7 25. Bxe7 Rfc8 26. Bxd6 Rxc4 27. Bxc4 Rc8 28. Bxe5+ Kh7 29. Bd5 Rxc2+ 30. Ke3 Nc6 31. Bd6 1-0

[Event "Caplin Hastings Masters 2023-24"]
[Site "Hastings"]
[Date "2024.01.02"]
[Round "6.15"]
[White "Derakhshani, Borna"]
[Black "Han, Qixiang"]
[Result "1-0"]
[ECO "D12"]
[WhiteElo "2380"]
[BlackElo "1711"]
[Annotator "ChessBase"]
[PlyCount "109"]
[EventDate "2023.12.18"]
[EventType "swiss"]
[EventCountry "ENG"]
[SourceTitle "playchess.com"]
[Source "ChessBase"]
[SourceQuality "1"]
[TimeControl "40/6000+30:3000+30"]

1. d4 d5 2. c4 c6 3. Nc3 Nf6 4. Nf3 Bf5 5. e3 e6 6. Nh4 Be4 7. f3 Bg6 8. Bd2 Be7 9. Qb3 Qc7 10. g3 Nbd7 11. O-O-O a6 12. Nxg6 hxg6 13. e4 dxc4 14. Bxc4 b5 15. Be2 Rc8 16. Kb1 c5 17. Bf4 Qb7 18. d5 c4 19. Qc2 e5 20. Be3 Bd6 21. Rc1 O-O 22. Qd1 Rc7 23. h4 Rfc8 24. g4 b4 25. Na4 c3 26. Qb3 cxb2 27. Qxb2 Rb8 28. Rxc7 Qxc7 29. Rc1 Qd8 30. Rc6 Ne8 31. g5 a5 32. Qc2 Bf8 33. Ba7 Rb7 34. Rc8 Qe7 35. Be3 b3 36. axb3 Qa3 37. Bd1 Qxa4 38. Rxe8 Qb5 39. Kc1 Kh7 40. Qc4 Ba3+ 41. Kd2 Qxc4 42. bxc4 Rb2+ 43. Kc3 Rb4 44. Rd8 Bb2+ 45. Kd3 Nb6 46. Bc5 Rxc4 47. Bxb6 Rc3+ 48. Kd2 Ra3 49. d6 a4 50. d7 Ra2 51. Bc2 a3 52. Ra8 f6 53. d8=Q Bc3+ 54. Kd3 Rxc2 55. Qh8# 1-0